 Dungeon Crawl Stone Soup version 0.30-a0-737-gf23d94013f (webtiles) character file.

Game seed: 17425239700074700089

31 jimonade the Sneak (level 3, -2/18 HPs)
             Began as a Vine Stalker Brigand on Feb 1, 2023.
             Slain by an iguana (9 damage)
             ... on level 2 of the Dungeon.
             The game lasted 00:02:01 (656 turns).

jimonade the Sneak (Vine Stalker Brigand)            Turns: 656, Time: 00:02:02

Health: -2/18      AC:  3    Str: 13    XL:     3   Next: 22%
Magic:  0/4        EV: 12    Int: 11    God:
Gold:   40         SH:  0    Dex: 17    Spells: 2/2 levels left

rFire   . . .      SeeInvis .    a - +2 short sword (flame)
rCold   . . .      Faith    .    (no shield)
rNeg    . . .      Spirit   +    l - +0 robe
rPois   .          Reflect  .    (no helmet)
rElec   .          Harm     .    c - +0 cloak
rCorr   .          Rampage  .    (no gloves)
Will    .....                    (no boots)
Stlth   +++                      g - amulet of regeneration
HPRegen 1.03/turn                (no ring)
MPRegen 0.09/turn                (no ring)

@: no status effects
A: fangs 2, magic shield, antimagic bite, no potion heal 2
a: no special abilities


You were on level 2 of the Dungeon.
You visited 1 branch of the dungeon, and saw 2 of its levels.

You collected 40 gold pieces.

Inventory:

Hand Weapons
 a - a +2 short sword of flaming (weapon)
 b - a +2 dagger
Missiles
 d - 9 poisoned darts (quivered)
 e - 3 curare-tipped darts
Armour
 c - a +0 cloak (worn)
 h - a +0 ring mail
 l - a +0 robe (worn)
Jewellery
 g - an amulet of regeneration (around neck)
Scrolls
 f - a scroll of summoning {unknown}
 j - a scroll of enchant weapon {unknown}
Potions
 i - a potion of heal wounds {unknown}
 k - a potion of might {unknown}


   Skills:
 + Level 2.2 Fighting
 * Level 1.9 Short Blades
 + Level 1.8 Throwing
 + Level 1.0 Dodging
 + Level 5.6 Stealth


You had 2 spell levels left.
You didn't know any spells.
Your spell library contained the following spells:

 Spells                   Type           Power      Damage    Failure   Level
 Cigotuvi's Dreadful Rot  Necr/Pois/Air  0%         N/A       47%         2
 Dispel Undead            Necr           0%         3d6       98%         4
 Death Channel            Necr           0%         N/A       100%        6


Dungeon Overview and Level Annotations

Branches:
Dungeon (2/15)

Altars:


Innate Abilities, Weirdness & Mutations

You have extremely sharp teeth.
When hurt, damage is shared between your health and your magic reserves.
Your bite disrupts and absorbs the magic of your enemies.
Potions cannot restore your health.


Message History

An iguana comes into view.
The iguana hisses angrily.
You hit the worm. You burn the worm. You bite the worm, but do no damage.
The worm is heavily wounded.
The worm bites you.
You hit the worm. You burn the worm.
The worm is almost dead.
You barely miss the worm. You bite the worm. You drain its power.
You feel invigorated.
The worm is almost dead.
The worm bites you but does no damage.
You hit the worm. You burn the worm.
You kill the worm!
The iguana bites you!
Ouch! That really hurt!
You are too injured to fight recklessly!
You are too injured to fight recklessly!
You are too injured to fight recklessly!
You are too injured to fight recklessly!
You closely miss the iguana. The iguana bites you.
You closely miss the iguana. Your bite misses the iguana. The iguana bites you.
You hit the iguana. You burn the iguana. You bite the iguana.
You drain its power.
You feel invigorated.
The iguana is heavily wounded.
The iguana closely misses you.
You hit the iguana but do no damage. You bite the iguana, but do no damage.
The iguana is heavily wounded.
The iguana bites you.
* * * LOW HITPOINT WARNING * * *
You hit the iguana but do no damage.
The iguana is heavily wounded.
The iguana misses you.
You hit the iguana. You burn the iguana. Your bite misses the iguana.
The iguana is severely wounded.
The iguana closely misses you.
You closely miss the iguana. Your bite misses the iguana.
The iguana is severely wounded.
The iguana bites you!
Ouch! That really hurt!
You die...

..#. #.............)..
#...##......#.<...#..
#..#........#.........
#................###..
.....#..##...#..##
...................
.#................
#...l............
#....@...........
#................
#........#.....)..
#.###..##†....... #.
#..## ....... # #..
...###. ### #..# ..#
..#


You could see an iguana.

Vanquished Creatures
  A worm (D:2)
  A dart slug (D:1)
  2 endoplasms (D:1)
  3 giant cockroaches
  2 goblins
  2 hobgoblins
  3 kobolds
  4 ball pythons (D:1)
  2 bats (D:1)
  4 rats (D:1)
24 creatures vanquished.

Notes
Turn   | Place    | Note
-------+----------+-------------------------------------------
     0 | D:1      | jimonade the Vine Stalker Brigand began the quest for the
                  | Orb.
     0 | D:1      | Reached XP level 1. HP: 11/11 MP: 2/2
    51 | D:1      | Reached skill level 5 in Stealth
    93 | D:1      | Reached XP level 2. HP: 15/15 MP: 3/3
   184 | D:1      | Reached skill level 1 in Dodging
   607 | D:2      | Reached XP level 3. HP: 18/18 MP: 4/4
   656 | D:2      | Slain by an iguana

Illustrated notes

Levels and vault maps discovered:
D:1:      dpeg_chamrin_arrival_tetris, layout_loops_ring,
          dreamdust_mushroom_princess
D:2:      layout_rooms, kennysheep_generic_room_7, uniq_robin

Skill      XL: |  1  2 |
---------------+-------+-----
Stealth        | 5 |  5.6
Fighting       | 2 |  2.2
Dodging        | 1 |  1.0
Short Blades   | |  1.9
Throwing       | |  1.8

Action                     || total
---------------------------++-------
  Melee: Dagger            ||    46
         Bite              ||    12
         Short sword       ||    14
   Stab: Sleeping          ||     9
 Armour: Robe              ||     8
  Dodge: Dodged            ||    25

Table legend: (Time is in decaauts)
 A = Elapsed time spent in this place.
 B = Non-inter-level travel time spent in this place.
 C = Inter-level travel time spent in this place.
 D = Time resting spent in this place.
 E = Time spent auto-exploring this place.
 F = Levels seen in this place.
 G = Mean time per level.
                   A        B        C        D        E       F      G
               +--------+--------+--------+--------+--------+-----+--------+
         Total |    650 |    638 |     12 |      0 |    452 |   2 |  325.0 |
       Dungeon |    650 |    638 |     12 |      0 |    452 |   2 |  325.0 |
               +--------+--------+--------+--------+--------+-----+--------+

Top non-repeatable levels by time:
     D:1: 597 daAuts
     D:2: 52 daAuts
